 Dungeon Crawl Stone Soup version 0.29-a0-472-ge5599a681e (webtiles) character file.

Game seed: 7974375439829458791

27171 croobank the Covert (level 13, -5/104 HPs)
             Began as a Gnoll Delver on May 22, 2022.
             Was an Initiate of Gozag.
             Slain by a polar bear (12 damage)
             ... on level 2 of the Lair of Beasts.
             The game lasted 01:05:38 (17991 turns).

croobank the Covert (Gnoll Delver)                 Turns: 17991, Time: 01:05:39

Health: -5/104     AC: 23    Str: 24    XL:     13   Next: 30%
Magic:  24/25      EV: 12    Int: 12    God:    Gozag
Gold:   1263       SH:  0    Dex: 13    Spells: 17/28 levels left

rFire   . . .      SeeInvis .   E - +2 spear (flame)
rCold   + . .      Faith    .   (no shield)
rNeg    + . .      Spirit   .   i - +8 chain mail of Distant Worlds {rElec rN+ Str+7 Dex-3}
rPois   .          Reflect  .   R - +0 helmet
rElec   +          Harm     .   (no cloak)
rCorr   .          Rampage  .   h - +0 pair of gloves
Will    .....                   O - +0 pair of boots "Ujan" {rElec Dex+3}
Stlth   ++........              (no amulet)
HPRegen 0.27/turn               l - ring of protection from cold
MPRegen 0.19/turn               (no ring)

@: gold aura
A: fangs 1, strong nose, distributed training, strong 1
a: Renounce Religion, Potion Petition, Call Merchant, Bribe Branch


You were on level 2 of the Lair of Beasts.
You worshipped Gozag.
Gozag was most pleased with you.
You visited 3 branches of the dungeon, and saw 14 of its levels.
You also visited: Bailey.

You collected 2120 gold pieces.
You paid 857 gold pieces to Gozag.

Inventory:

Hand Weapons
 a - a +1 war axe
 b - a +0 hunting sling
 k - a +1 vampiric trident
 E - a +2 spear of flaming (weapon)
 F - a +0 antimagic trident
 H - a +5 battleaxe
 K - a +2 long sword
 N - a +2 short sword of venom
Missiles
 o - 26 poisoned darts (quivered)
 r - 2 throwing nets
 u - 307 stones
Armour
 e - a +0 ring mail
 h - a +0 pair of gloves (worn)
 i - the +8 chain mail of Distant Worlds (worn) {rElec rN+ Str+7 Dex-3}
   (You found it on level 4 of the Dungeon)

   Str:       It affects your strength (+7).
   Dex:       It affects your dexterity (-3).
   rElec:     It insulates you from electricity.
   rN:        It protects you from negative energy.
 j - a +1 buckler
 m - a +0 leather armour of willpower
 p - a +0 leather armour
 y - +2 fire dragon scales
 G - the +0 chain mail of the Farrier {rF+ rC+ Will+}
   (You found it on level 7 of the Dungeon)

   rF:        It protects you from fire.
   rC:        It protects you from cold.
   Will:      It increases your willpower.
 O - the +0 pair of boots "Ujan" (worn) {rElec Dex+3}
   (You acquired it on level 1 of the Lair of Beasts)

   Dex:       It affects your dexterity (+3).
   rElec:     It insulates you from electricity.
 P - a +2 plate armour of poison resistance
 R - a +0 helmet (worn)
Magical Staves
 s - a staff of fire
Jewellery
 f - a ring of fire
 l - a ring of protection from cold (left hand)
 v - a ring of ice
Wands
 g - a wand of digging (9)
 w - a wand of iceblast (8)
 I - a wand of flame (39)
Scrolls
 c - 2 scrolls of fog
 d - 3 scrolls of magic mapping
 x - 8 scrolls of teleportation
 C - a scroll of noise
 D - 2 scrolls of poison
 S - 2 scrolls of amnesia {unknown}
Potions
 q - 4 potions of mutation
 t - a potion of cancellation
 B - 3 potions of flight
 J - a potion of brilliance
 L - 4 potions of ambrosia
 M - a potion of resistance
 Q - a potion of curing
Miscellaneous
 n - a lightning rod (4/4)


   Skills:
 + Level 10.5 Fighting
 + Level 8.2 Short Blades
 + Level 8.2 Long Blades
 + Level 9.5 Axes
 + Level 8.2 Maces & Flails
 + Level 8.2 Polearms
 + Level 8.2 Staves
 + Level 8.2 Slings
 + Level 8.2 Bows
 + Level 8.2 Crossbows
 + Level 8.2 Throwing
 + Level 8.2 Armour
 + Level 9.5 Dodging
 + Level 12.5 Stealth
 + Level 8.2 Shields
 + Level 8.2 Unarmed Combat
 + Level 8.2 Spellcasting
 + Level 6.8 Conjurations
 + Level 6.8 Hexes
 + Level 6.8 Summonings
 + Level 6.8 Necromancy
 + Level 6.8 Translocations
 + Level 6.8 Transmutations
 + Level 6.8 Fire Magic
 + Level 6.8 Ice Magic
 + Level 6.8 Air Magic
 + Level 6.8 Earth Magic
 + Level 6.8 Poison Magic
 + Level 9.0 Invocations
 + Level 8.2 Evocations


You had 17 spell levels left.
You knew the following spells:

 Your Spells              Type           Power      Damage    Failure   Level
a - Irradiate             Conj/Tmut      10%        3d16      80%         5
b - Necrotize             Necr           84%        1d8       4%          1
c - Fireball              Conj/Fire      10%        3d6       80%         5

Your spell library contained the following spells:

 Spells                   Type           Power      Damage    Failure   Level
 Apportation              Tloc           42%        N/A       4%          1
 Slow                     Hex            84%        N/A       4%          1
 Summon Small Mammal      Summ           84%        N/A       4%          1
 Sublimation of Blood     Necr           21%        N/A       8%          2
 Confusing Touch          Hex            21%        N/A       14%         3
 Vampiric Draining        Necr           21%        2d7       14%         3
 Cause Fear               Hex            10%        N/A       43%         4
 Petrify                  Tmut/Erth      21%        N/A       43%         4
 Agony                    Necr           21%        N/A       80%         5
 Iskenderun's Battlesphe  Conj           21%        2d7       80%         5
 Silence                  Hex/Air        10%        N/A       80%         5
 Iron Shot                Conj/Erth      10%        9d3       100%        6
 Spellforged Servitor     Conj/Summ      10%        N/A       100%        7


Dungeon Overview and Level Annotations

Branches:
Dungeon (10/15)            Temple (1/1) D:7            Lair (3/6) D:10
 Shoals (0/4) Lair:2          Orc (0/2) D:10         Bailey (visited)
  Snake: Lair:2-4    Spider: Lair:2-4

Altars:
Ashenzari
Cheibriados
Dithmenos
Fedhas
Gozag
Hepliaklqana
Makhleb
Nemelex Xobeh
Okawaru
Qazlal
Sif Muna
Trog
Uskayaw
Vehumet
Wu Jian
Xom
Yredelemnul
The Shining One

Shops:
D:3 :

Annotations:
D:3 1 runed translucent door, Crazy Yiuf
D:9 2 transporters, Kae's ghost, novice GnCj
Lair:2 1 runed translucent door, exclusion: oklob plant, Reubyar's ghost, journeyman MiBe


Innate Abilities, Weirdness & Mutations

You have very sharp teeth.
Your uncanny sense of smell can sniff out nearby items.
Your experience applies equally to all skills.
Your muscles are strong. (Str +2)


Message History

The polar bear claws you but does no damage. x2
You feel much better. The polar bear closely misses you.
The polar bear claws you but does no damage.
The polar bear misses you.
You hit the polar bear but do no damage.
Your bite misses the polar bear.
The polar bear is severely wounded.
You closely miss the polar bear. You punch the polar bear!
The polar bear is severely wounded.
The polar bear goes berserk!
You hit the polar bear. You burn the polar bear.
The polar bear is almost dead.
The polar bear bites you but does no damage.
The polar bear barely misses you.
The polar bear claws you but does no damage.
You closely miss the polar bear.
The polar bear is almost dead.
The polar bear bites you.
* * * LOW HITPOINT WARNING * * *
The polar bear closely misses you. The polar bear barely misses you.
You hit the polar bear but do no damage.
You punch the polar bear!
You bite the polar bear, but do no damage.
The polar bear is almost dead.
The polar bear completely misses you. The polar bear claws you.
* * * LOW HITPOINT WARNING * * *
The polar bear claws you but does no damage.
You barely miss the polar bear.
The polar bear is almost dead.
The polar bear bites you!
* * * LOW HITPOINT WARNING * * *
The polar bear barely misses you. The polar bear misses you.
Casting: Necrotize (safe; 4% risk of failure)
Confirm with . or Enter, or press ? or * to list all spells.
Aiming: Necrotize (safe; 4% risk of failure)
Press: ? - help, Shift-Dir - straight line, f - polar bear
Aim: a polar bear (almost dead, berserk, chance to affect: 80%)
The polar bear writhes in agony.
The polar bear bites you!
You die...
Your body crumbles into a pile of gold.

#+#...................#..........
..P.....#....##....#.#...##P##...
.......###....#.##......######...
..P....#####.........#####.##....
..#...#.....#......###......#....
......##.....#.#+.##..##.........
.......#.....##......########....
.......#.#.P.#.....#.# #######...
.......##.#...♣$@h♣..###..##.#...
...................#...........<.
#.............#.♣................
..^...........##.##..............
..........................#####..
.....................#..P.#♣♣♣###
.........#..#####....####.#g.♣
#.......###..####....##...##.♣♣
+........#.....##....#P...8#i.♣..


You could see a polar bear (berserk).

Vanquished Creatures
  An orc warlord (Bailey)
  Harold (D:10)
  A hydra (Lair:2)
  A centaur warrior (D:10)
  5 death yaks
  An orc knight (Bailey)
  Pikel (D:3)
  A black mamba (Lair:1)
  4 cane toads
  A rime drake (Lair:2)
  A polar bear (Lair:1)
  Grinder (D:3)
  3 blink frogs (Lair:1)
  A wraith (D:10)
  A shadow (D:9)
  4 wyverns (Lair:2)
  2 vampires
  4 vampire mosquitoes (D:10)
  A steam dragon (D:9)
  11 yaks
  Menkaure (D:4)
  An acid dragon (D:9)
  A warg (D:10)
  4 water moccasins
  13 orc warriors
  A black bear (D:7)
  An ice beast (D:6)
  2 ogres
  7 wolves
  A centaur (D:8)
  A lemure (D:3)
  2 kobold brigands
  4 gnoll sergeants
  3 scorpions
  8 bullfrogs
  8 wights
  2 jellies
  5 orc priests
  3 hounds
  5 iguanas (D:6)
  Jessica (D:3)
  Ijyb (D:3)
  Natasha (thrice) (D:3)
  7 orc wizards
  21 gnolls
  5 adders
  A shadow imp (D:7)
  2 white imps
  2 ufetubi
  A worm (D:2)
  A dart slug (D:4)
  44 orcs
  8 bats
  12 endoplasms
  3 giant cockroaches
  24 goblins
  17 hobgoblins
  3 jackals (D:3)
  4 quokkas
  7 ball pythons
  8 frilled lizards
  13 kobolds
  6 rats
  A spectral hobgoblin (D:2)
314 creatures vanquished.

Vanquished Creatures (others)
  9 fungi
  13 plants
22 creatures vanquished.

Grand Total: 336 creatures vanquished

Notes
Turn   | Place    | Note
-------+----------+-------------------------------------------
     0 | D:5      | Reached skill level 9 in Stealth
     0 | D:5      | croobank the Gnoll Delver began the quest for the Orb.
     0 | D:5      | Reached XP level 1. HP: 23/23 MP: 1/1
     8 | D:5      | Noticed a scorpion
    15 | D:5      | Found a basalt altar of Yredelemnul.
    32 | D:5      | Noticed a scorpion
    98 | D:4      | Identified the +8 chain mail of Distant Worlds {rElec rN+
                  | Str+7 Dex-3}
   139 | D:4      | Noticed a hound
   150 | D:4      | Killed a hound
   151 | D:4      | Reached XP level 2. HP: 28/29 MP: 2/2
   151 | D:4      | Reached XP level 3. HP: 34/35 MP: 3/3
   293 | D:3      | Reached skill level 1 in Invocations
   294 | D:3      | Noticed Jessica
   301 | D:3      | Killed Jessica
   302 | D:3      | Reached skill level 1 in Short Blades
   302 | D:3      | Reached skill level 1 in Long Blades
   302 | D:3      | Reached skill level 1 in Maces & Flails
   302 | D:3      | Reached skill level 1 in Polearms
   302 | D:3      | Reached skill level 1 in Staves
   302 | D:3      | Reached skill level 1 in Slings
   302 | D:3      | Reached skill level 1 in Bows
   302 | D:3      | Reached skill level 1 in Crossbows
   302 | D:3      | Reached skill level 1 in Throwing
   302 | D:3      | Reached skill level 1 in Armour
   302 | D:3      | Reached skill level 1 in Shields
   302 | D:3      | Reached skill level 1 in Unarmed Combat
   302 | D:3      | Reached skill level 1 in Spellcasting
   302 | D:3      | Reached skill level 1 in Evocations
   302 | D:3      | Reached XP level 4. HP: 39/41 MP: 5/5
   351 | D:3      | Found a burning altar of Makhleb.
   515 | D:2      | Found a faded altar of an unknown god.
   658 | D:1      | Reached skill level 1 in Conjurations
   658 | D:1      | Reached skill level 1 in Hexes
   658 | D:1      | Reached skill level 1 in Summonings
   658 | D:1      | Reached skill level 1 in Necromancy
   658 | D:1      | Reached skill level 1 in Translocations
   658 | D:1      | Reached skill level 1 in Transmutations
   658 | D:1      | Reached skill level 1 in Fire Magic
   658 | D:1      | Reached skill level 1 in Ice Magic
   658 | D:1      | Reached skill level 1 in Air Magic
   658 | D:1      | Reached skill level 1 in Earth Magic
   658 | D:1      | Reached skill level 1 in Poison Magic
  1046 | D:1      | Reached XP level 5. HP: 47/47 MP: 6/6
  1832 | D:2      | Learned a level 5 spell: Irradiate
  1834 | D:2      | Learned a level 1 spell: Necrotize
  2223 | D:3      | Noticed Ijyb
  2252 | D:3      | Killed Ijyb
  2590 | D:3      | Found a runed translucent door.
  2591 | D:3      | Noticed Crazy Yiuf
  2683 | D:3      | Found a shadowy altar of Dithmenos.
  2700 | D:3      | Found an ornate altar of the Wu Jian Council.
  2769 | D:3      | Found Uvivuits's Book Boutique.
  2842 | D:3      | Noticed Natasha
  2855 | D:3      | Killed Natasha
  2856 | D:3      | Reached XP level 6. HP: 50/53 MP: 8/8
  2972 | D:3      | Noticed Grinder
  2993 | D:3      | Paralysed by Grinder for 3 turns
  2995 | D:3      | Noticed Natasha
  2998 | D:3      | Killed Grinder
  2999 | D:3      | Reached skill level 5 in Axes
  2999 | D:3      | Reached skill level 5 in Dodging
  2999 | D:3      | Reached XP level 7. HP: 59/59 MP: 8/10
  3002 | D:3      | Killed Natasha
  3351 | D:4      | Noticed Pikel
  3360 | D:3      | Noticed Natasha
  3367 | D:3      | Killed Natasha
  3522 | D:3      | Killed Pikel
  3523 | D:3      | Reached skill level 10 in Stealth
  3523 | D:3      | Reached XP level 8. HP: 51/67 MP: 10/12
  4132 | D:4      | Noticed Menkaure
  4139 | D:4      | Killed Menkaure
  4399 | D:4      | Found a hazy altar of Hepliaklqana.
  4557 | D:4      | Identified a scroll of acquirement
  4559 | D:4      | Acquired the Compendium of Malediction and the Volcanoes
  4567 | D:4      | Learned a level 5 spell: Fireball
  5098 | D:5      | Found an iron altar of Okawaru.
  6020 | D:6      | Reached XP level 9. HP: 69/72 MP: 14/14
  6189 | D:6      | Found a sparkling altar of Nemelex Xobeh.
  6439 | D:6      | Reached skill level 5 in Short Blades
  6439 | D:6      | Reached skill level 5 in Long Blades
  6439 | D:6      | Reached skill level 5 in Maces & Flails
  6439 | D:6      | Reached skill level 5 in Polearms
  6439 | D:6      | Reached skill level 5 in Staves
  6439 | D:6      | Reached skill level 5 in Slings
  6439 | D:6      | Reached skill level 5 in Bows
  6439 | D:6      | Reached skill level 5 in Crossbows
  6439 | D:6      | Reached skill level 5 in Throwing
  6439 | D:6      | Reached skill level 5 in Armour
  6439 | D:6      | Reached skill level 11 in Stealth
  6439 | D:6      | Reached skill level 5 in Shields
  6439 | D:6      | Reached skill level 5 in Unarmed Combat
  6439 | D:6      | Reached skill level 5 in Spellcasting
  6439 | D:6      | Reached skill level 5 in Evocations
  6439 | D:6      | Reached XP level 10. HP: 80/82 MP: 14/18
  6808 | D:6      | Found a shimmering blue altar of Sif Muna.
  6816 | D:6      | Got Sif Muna's Compendium of Necromancy
  6818 | D:6      | Got Sif Muna's Grimoire of Translocation
  6820 | D:6      | Got Sif Muna's Incunabulum of Black Arts
  7151 | D:7      | Found a shimmering altar of Xom.
  7500 | D:7      | Reached skill level 5 in Conjurations
  7500 | D:7      | Reached skill level 5 in Hexes
  7500 | D:7      | Reached skill level 5 in Summonings
  7500 | D:7      | Reached skill level 5 in Necromancy
  7500 | D:7      | Reached skill level 5 in Translocations
  7500 | D:7      | Reached skill level 5 in Transmutations
  7500 | D:7      | Reached skill level 5 in Fire Magic
  7500 | D:7      | Reached skill level 5 in Ice Magic
  7500 | D:7      | Reached skill level 5 in Air Magic
  7500 | D:7      | Reached skill level 5 in Earth Magic
  7500 | D:7      | Reached skill level 5 in Poison Magic
  7516 | D:7      | Identified the +0 chain mail of the Farrier {rF+ rC+ Will+}
  7890 | D:7      | Found a staircase to the Ecumenical Temple.
  8021 | Temple   | Entered the Ecumenical Temple
  8153 | Temple   | Became a worshipper of Gozag Ym Sagoz the Greedy
  8688 | D:8      | Found a flagged portal.
  8751 | Bailey   | Entered a bailey
  8840 | Bailey   | Noticed an orc knight
  8868 | Bailey   | Killed an orc knight
  9370 | Bailey   | Noticed an orc warlord
  9403 | Bailey   | Killed an orc warlord
  9404 | Bailey   | Reached XP level 11. HP: 46/89 MP: 20/20
 10820 | D:9      | Found a transporter.
 10820 | D:9      | Noticed a tengu warrior
 10823 | D:9      | Noticed a two-headed ogre
 10830 | D:9      | Found a bloodstained altar of Trog.
 10831 | D:9      | Noticed a moth of wrath
 10831 | D:9      | Noticed Kae's ghost (novice GnCj)
 10832 | D:9      | Noticed a two-headed ogre
 10845 | D:9      | Noticed a two-headed ogre
 11595 | D:9      | Found a transporter.
 11859 | D:10     | Entered Level 10 of the Dungeon
 11860 | D:10     | Reached XP level 12. HP: 97/97 MP: 20/22
 11866 | D:10     | Noticed Harold
 12103 | D:10     | Noticed a sphinx
 12104 | D:10     | Noticed a tengu warrior
 12105 | D:10     | Noticed a five-headed hydra
 12107 | D:10     | Noticed a tengu warrior
 12110 | D:10     | Noticed a centaur warrior
 12151 | D:10     | Gained mutation: Your muscles are strong. (Str +2) [potion
                  | of mutation]
 12169 | D:10     | Killed Harold
 12170 | D:10     | Reached skill level 12 in Stealth
 12177 | D:10     | Noticed a centaur warrior
 12919 | D:10     | Killed a centaur warrior
 12920 | D:10     | Reached skill level 10 in Fighting
 13342 | D:10     | Noticed a death yak
 13342 | D:10     | Noticed a death yak
 13343 | D:10     | Noticed a death yak
 13343 | D:10     | Noticed a death yak
 13356 | D:10     | Noticed a death yak
 13368 | D:9      | Killed a death yak
 13730 | D:10     | Killed a death yak
 13739 | D:9      | Killed a death yak
 13894 | D:10     | Killed a death yak
 14028 | D:9      | Killed a death yak
 14240 | D:10     | Found a staircase to the Lair.
 14268 | D:10     | Found a staircase to the Orcish Mines.
 14647 | Lair:1   | Entered Level 1 of the Lair of Beasts
 15481 | Lair:1   | Acquired the +0 pair of boots "Ujan" {rElec Dex+3}
 15544 | Lair:1   | Reached XP level 13. HP: 97/104 MP: 24/24
 17543 | Lair:2   | Found a runed translucent door.
 17545 | Lair:2   | Noticed Reubyar's ghost (journeyman MiBe)
 17550 | Lair:2   | Identified the +5 spear of Qaura {vorpal, rN+ Will- Dex+3}
 17684 | Lair:2   | Found a staircase to the Shoals.
 17991 | Lair:2   | Slain by a polar bear

Illustrated notes

Levels and vault maps discovered:
D:1:      giann_wishing_wells, layout_basic, chequers_serial_rivers_micro_c
D:2:      layout_basic, dreamdust_ecumenical_altar_drowned_temple,
          dk_noncrumbling_2, st_stairs_13
D:3:      layout_loops_ring, mainiacjoe_overflow_paths,
          nicolae_overflow_hidden_temple, grunt_dithmenos_smoke, serial_shops,
          shop_statue, uniq_crazy_yiuf_cottage, uniq_grinder, uniq_jessica,
          uniq_ijyb, uniq_natasha
D:4:      layout_basic, nzn_hepliaklqana_mist_gate, item_on_display_a,
          uniq_pikel, uniq_menkaure
D:5:      layout_cave_pods, okawaru_trees_1, yredelemnul_altar_generic,
          mrwooster_statue_mirror, nrook_pool_corridor
D:6:      layout_loops_ring, nicolae_sif_muna_little_library,
          nemelex_diamond_rough_becter
D:7:      wad_crossroads, layout_basic, xom_teletrap_fun,
          lemuel_temple_firewalk_b, grunt_decor_mini_mirrors,
          serial_bayou_lagoon_a
D:8:      layout_loops_cross, enter_bailey_3
D:9:      layout_small_grid, gammafunk_ghost_wrathful_warriors
D:10:     layout_rooms, dpeg_lair_monsters, erik_orc_4,
          onia_ninara_dug_in_and_dangerous, uniq_harold
Temple:   nicolae_temple_figure_eight
Lair:1:   layout_hall_layers
Lair:2:   layout_regular_city, shoals_dummy_entry, ebering_ghost_funeral_grove,
          minmay_lair_oklob_bushes, grunt_megastairs_2
Lair:3:   layout_chaotic_city, spider_nest_entry_webs, pf_torpor_hydra

Skill      XL: |  1  2  3  4  5  6  7  8  9 10 11 12 13 |
---------------+----------------------------------------+-----
Stealth        | 10 11 12 | 12.5
Invocations    | 1 2 3 4 6 8 9 |  9.0
Short Blades   | 1 2 3 5 6 7 8 |  8.2
Long Blades    | 1 2 3 5 6 7 8 |  8.2
Maces & Flails | 1 2 3 5 6 7 8 |  8.2
Polearms       | 1 2 3 5 6 7 8 |  8.2
Staves         | 1 2 3 5 6 7 8 |  8.2
Slings         | 1 2 3 5 6 7 8 |  8.2
Bows           | 1 2 3 5 6 7 8 |  8.2
Crossbows      | 1 2 3 5 6 7 8 |  8.2
Throwing       | 1 2 3 5 6 7 8 |  8.2
Armour         | 1 2 3 5 6 7 8 |  8.2
Shields        | 1 2 3 5 6 7 8 |  8.2
Unarmed Combat | 1 2 3 5 6 7 8 |  8.2
Spellcasting   | 1 2 3 5 6 7 8 |  8.2
Evocations     | 1 2 3 5 6 7 8 |  8.2
Conjurations   | 1 2 3 4 5 6 |  6.8
Hexes          | 1 2 3 4 5 6 |  6.8
Summonings     | 1 2 3 4 5 6 |  6.8
Necromancy     | 1 2 3 4 5 6 |  6.8
Translocations | 1 2 3 4 5 6 |  6.8
Transmutations | 1 2 3 4 5 6 |  6.8
Fire Magic     | 1 2 3 4 5 6 |  6.8
Ice Magic      | 1 2 3 4 5 6 |  6.8
Air Magic      | 1 2 3 4 5 6 |  6.8
Earth Magic    | 1 2 3 4 5 6 |  6.8
Poison Magic   | 1 2 3 4 5 6 |  6.8
Axes           | 5 6 7 8 9 |  9.5
Dodging        | 5 6 7 8 9 |  9.5
Fighting       | 7 8 9 10 | 10.5

Action                   |  1- 3 |  4- 6 |  7- 9 | 10-12 | 13-15 || total
-------------------------+-------+-------+-------+-------+-------++-------
Melee: Hand axe          |    26 |       |       |       |       ||    26
       War axe           |     7 |   227 |   195 |   460 |       ||   889
       Bite              |       |    21 |    20 |    74 |    17 ||   132
       Battleaxe         |       |       |       |   140 |   110 ||   250
       Spear             |       |       |       |       |    44 ||    44
       Punch             |       |       |       |       |     4 ||     4
Throw: Throwing net      |       |       |       |     2 |       ||     2
 Cast: Necrotize         |       |       |       |     5 |     2 ||     7
Invok: Potion Petition   |       |       |       |     1 |       ||     1
Evoke: Wand              |       |     2 |     6 |    12 |     1 ||    21
  Use: Scroll            |       |     8 |     7 |    13 |     2 ||    30
       Potion            |       |     1 |     5 |    14 |     1 ||    21
 Stab: Sleeping          |       |     1 |       |     1 |     1 ||     3
       Distracted        |       |       |     1 |     3 |     2 ||     6
       Invisible         |       |       |       |     4 |       ||     4
       Held in net/web   |       |       |       |     1 |       ||     1
Armor: Chain mail        |    15 |   153 |   103 |   363 |   141 ||   775
Dodge: Dodged            |    13 |   113 |    74 |   286 |   126 ||   612
Block: Buckler           |     4 |    68 |    45 |   140 |       ||   257

Table legend: (Time is in decaauts)
 A = Elapsed time spent in this place.
 B = Non-inter-level travel time spent in this place.
 C = Inter-level travel time spent in this place.
 D = Time resting spent in this place.
 E = Time spent auto-exploring this place.
 F = Levels seen in this place.
 G = Mean time per level.
                   A        B        C        D        E       F      G
               +--------+--------+--------+--------+--------+-----+--------+
         Total |  18229 |  17333 |    896 |   4969 |   8311 |  15 | 1215.3 |
       Dungeon |  13924 |  13088 |    836 |   3233 |   6692 |  10 | 1392.4 |
        Temple |    147 |    132 |     15 |      0 |    127 |   1 |  147.0 |
          Lair |   3088 |   3044 |     44 |   1108 |   1430 |   3 | 1029.3 |
        Bailey |   1069 |   1069 |      0 |    628 |     62 |   1 | 1069.0 |
               +--------+--------+--------+--------+--------+-----+--------+

Top non-repeatable levels by time:
     D:9: 3211 daAuts
  Lair:1: 1981 daAuts
     D:3: 1621 daAuts
     D:7: 1572 daAuts
     D:6: 1425 daAuts
     D:4: 1280 daAuts
    D:10: 1154 daAuts
  Lair:2: 1098 daAuts
  Bailey: 1069 daAuts
     D:8: 927 daAuts
     D:5: 924 daAuts
     D:1: 907 daAuts
     D:2: 897 daAuts
  Temple: 147 daAuts
  Lair:3: 8 daAuts
